 Dungeon Crawl Stone Soup version 0.27-a0-1612-gde56a17b89 (webtiles) character file.

Game seed: 17249046189236719495

56 Anon1729 the Ducker (level 3, -4/30 HPs)
             Began as a Merfolk Monk on July 21, 2021.
             Was a Believer of Makhleb.
             Slain by Sigmund (8 damage)
             ... on level 2 of the Dungeon.
             The game lasted 00:01:08 (1545 turns).

Anon1729 the Ducker (Merfolk Monk)                  Turns: 1545, Time: 00:01:08

Health: -4/30      AC:  2    Str: 11    XL:     3   Next: 95%
Magic:  3/3        EV: 14    Int: 10    God:    Makhleb [**....]
Gold:   75         SH:  0    Dex: 16    Spells: 2/2 levels left

rFire    . . .     SeeInvis .   a - +0 falchion
rCold    . . .     Faith    .   (no shield)
rNeg     . . .     Spirit   .   b - +0 robe
rPois    .         Reflect  .   (no helmet)
rElec    .         Harm     .   (no cloak)
rCorr    .         Rampage  .   (no gloves)
Will     .....                  (no boots)
Stlth    ++........             (no amulet)
HPRegen  0.10/turn              (no ring)
MPRegen  0.08/turn              (no ring)

@: no status effects
A: (nimble swimmer 2), mertail
a: Renounce Religion, Minor Destruction


You were on level 2 of the Dungeon.
You worshipped Makhleb.
Makhleb was pleased with you.
You visited 1 branch of the dungeon, and saw 2 of its levels.

You collected 75 gold pieces.

Inventory:

Hand Weapons
 a - a +0 falchion (weapon)
Armour
 b - a +0 robe (worn)
Jewellery
 d - an amulet of guardian spirit
Scrolls
 c - 2 scrolls of identify {unknown}
 e - a scroll of noise {unknown}
Potions
 f - a potion of magic {unknown}


   Skills:
 + Level 3.8 Fighting
 + Level 3.8 Long Blades
 + Level 4.6 Dodging
 + Level 3.0 Stealth
 + Level 0.7 Invocations


You had 2 spell levels left.
You didn't know any spells.
Your spell library was empty.

Dungeon Overview and Level Annotations

Branches:
Dungeon (2/15)

Altars:
Makhleb
Yredelemnul

Annotations:
D:2 Sigmund


Innate Abilities, Weirdness & Mutations

((You are quick and stealthy near water. (Stealth+, EV+, Speed+++)))
Your lower body shifts to a powerful aquatic tail in water.


Message History

Things that are here:
a +0 dagger; a +0 robe; the human skeleton of Jessica
Things that are here:
a +0 dagger; a +0 robe; the human skeleton of Jessica
Found 5 large rocks.
You see here 5 large rocks.
Sigmund the Dreaded comes into view.
He is wielding a +0 scythe.
Sigmund shouts!
Sigmund is nearby!
Sigmund is nearby!
Press: ? - help, Shift-Dir - straight line, f - Sigmund
Aim: Sigmund, wielding a +0 scythe and wearing a +0 robe The zap hits Sigmund.
Sigmund is lightly wounded.
Sigmund hits you from afar with a +0 scythe!
Press: ? - help, Shift-Dir - straight line, f/p - Sigmund
Aim: Sigmund, wielding a +0 scythe and wearing a +0 robe (lightly wounded) Sigmund resists with some effort.
Sigmund points at you and mumbles some strange words.
The puff of flame hits you!
* * * LOW HITPOINT WARNING * * *
Okay, then.
Press: ? - help, Shift-Dir - straight line, f/p - Sigmund
Aim: Sigmund, wielding a +0 scythe and wearing a +0 robe (lightly wounded) Sigmund resists with some effort.
Press: ? - help, Shift-Dir - straight line, f/p - Sigmund
Aim: Sigmund, wielding a +0 scythe and wearing a +0 robe (lightly wounded)
The puff of flame misses Sigmund.
Sigmund hits you from afar with a +0 scythe.
* * * LOW HITPOINT WARNING * * *
Press: ? - help, Shift-Dir - straight line, f/p - Sigmund
Aim: Sigmund, wielding a +0 scythe and wearing a +0 robe (lightly wounded)
The glob of acid hits Sigmund!
Sigmund is splashed with acid.
Sigmund is heavily wounded.
Sigmund closely misses you.
Press: ? - help, Shift-Dir - straight line, f/p - Sigmund
Aim: Sigmund, wielding a +0 scythe and wearing a +0 robe (heavily wounded)
You fail to use your ability.
Sigmund hits you from afar with a +0 scythe!
You die...

...# #########
....#### #.......#
......####.#####.)
..........####...
##.......#......
#...........#..
####....#####....
#####(...####
#.... #.@.@.####
##... ##.########
...... #...@.....#
###...
#........... #.##
#....######### #.
...... .. ..####.
. .# . #


You could see Sigmund.

Vanquished Creatures
  Jessica (D:2)
  A dart slug (D:1)
  4 endoplasms (D:1)
  A giant cockroach (D:1)
  A hobgoblin (D:1)
  3 jackals (D:1)
  2 ball pythons (D:1)
  5 bats (D:1)
  4 frilled lizards (D:1)
  4 goblins
  A rat (D:1)
27 creatures vanquished.

Notes
Turn   | Place    | Note
-------+----------+-------------------------------------------
     0 | D:1      | Anon1729 the Merfolk Monk began the quest for the Orb.
     0 | D:1      | Reached XP level 1. HP: 18/18 MP: 1/1
    50 | D:1      | Reached XP level 2. HP: 22/24 MP: 2/2
   144 | D:1      | Found a basalt altar of Yredelemnul.
   625 | D:1      | Reached XP level 3. HP: 14/29 MP: 3/3
  1031 | D:1      | Found a faded altar of an unknown god.
  1038 | D:1      | Became a worshipper of Makhleb the Destroyer
  1038 | D:1      | Reached * piety under Makhleb
  1038 | D:1      | Reached ** piety under Makhleb
  1269 | D:2      | Noticed Jessica
  1280 | D:2      | Killed Jessica
  1534 | D:2      | Noticed Sigmund
  1545 | D:2      | Slain by Sigmund

Illustrated notes

Levels and vault maps discovered:
D:1:      tarquinn_simple_flora_water_b, layout_loops_ring,
          dilly_ecumenical_altar_fadedgnrine, kennysheep_flooded_box
D:2:      layout_rooms, basic_altar, kennysheep_small_spiral, uniq_sigmund,
          uniq_jessica

Skill      XL: |  1  2  3 |
---------------+----------+-----
Stealth        | 3 |  3.0
Fighting       | |  3.8
Long Blades    | |  3.8
Dodging        | |  4.6
Invocations    | |  0.7

Action                   || total
-------------------------++-------
Melee: Falchion          ||    84
Invok: Minor Destruction ||     5
 Stab: Sleeping          ||     7
Armor: Robe              ||    10
Dodge: Dodged            ||    71
       Rpst.: Falchion   ||    17

Table legend: (Time is in decaauts)
 A = Elapsed time spent in this place.
 B = Non-inter-level travel time spent in this place.
 C = Inter-level travel time spent in this place.
 D = Time resting spent in this place.
 E = Time spent auto-exploring this place.
 F = Levels seen in this place.
 G = Mean time per level.
                   A        B        C        D        E       F      G
               +--------+--------+--------+--------+--------+-----+--------+
         Total |   1550 |   1505 |     45 |    389 |    919 |   2 |  775.0 |
       Dungeon |   1550 |   1505 |     45 |    389 |    919 |   2 |  775.0 |
               +--------+--------+--------+--------+--------+-----+--------+

Top non-repeatable levels by time:
     D:1: 1171 daAuts
     D:2: 379 daAuts
